 Dungeon Crawl Stone Soup version 0.26.1-2-gb8aa6d0cf2 (webtiles) character file.

Game seed: 6015349539086091038

3656 sizableburger the Skirmisher (level 10, -7/102 HPs)
             Began as an Ogre Earth Elementalist on Mar 19, 2021.
             Was a Priest of Vehumet.
             Mangled by an orc warrior
             ... wielding a +0 halberd
              (13 damage)
             ... on level 9 of the Dungeon.
             The game lasted 00:34:06 (14330 turns).

sizableburger the Skirmisher (OgEE)                Turns: 14330, Time: 00:34:06

Health: -7/102     AC:  5    Str: 14    XL:     10   Next: 12%
Magic:  4/26       EV: 10    Int: 19    God:    Vehumet [***...]
Gold:   421        SH:  0    Dex:  9    Spells: 1/19 levels left

rFire    . . .     SeeInvis +   q - +0 trident
rCold    . . .     Faith    +   (no shield)
rNeg     . . .     Spirit   .   c - +2 robe
rPois    .         Reflect  .   (helmet restricted)
rElec    .         Harm     .   l - scarf {repulsion}
rCorr    .         Rampage  .   (gloves unavailable)
Will     +....                  (boots unavailable)
Stlth    +.........             a - amulet of faith
HPRegen  0.27/turn              d - ring of magical power
MPRegen  0.20/turn              j - ring of see invisible

@: repel missiles
A: large, unfitting armour, mutation resistance 1, tough skin 1
a: Renounce Religion


You were on level 9 of the Dungeon.
You worshipped Vehumet.
Vehumet was most pleased with you.
You visited 1 branch of the dungeon, and saw 9 of its levels.

You collected 421 gold pieces.

Inventory:

Hand Weapons
 q - a +0 trident (weapon)
 t - a +0 halberd
Missiles
 b - 77 stones
Armour
 c - a +2 robe (worn)
 l - a scarf of repulsion (worn)
 x - a +2 cloak
Jewellery
 a - an amulet of faith (around neck)
 d - a ring of magical power (left hand)
 j - a ring of see invisible (right hand)
Wands
 k - a wand of acid (3)
 m - a wand of enslavement (4)
 r - a wand of digging (6)
 w - a wand of random effects (54)
Scrolls
 f - 2 scrolls of identify
 g - 4 scrolls of enchant armour
 h - 5 scrolls of remove curse
 i - 4 scrolls of teleportation
 n - a scroll of vulnerability {unknown}
 o - a scroll of blinking {unknown}
 y - 2 scrolls of magic mapping {unknown}
Potions
 e - 3 potions of lignification
 p - a potion of magic


   Skills:
 + Level 7.6 Fighting
 + Level 6.7 Polearms
 - Level 1.7 Dodging
 - Level 1.4 Stealth
 - Level 5.1 Spellcasting
 - Level 3.0 Conjurations
 + Level 6.1 Transmutations
 - Level 1.8 Fire Magic
 + Level 6.3 Earth Magic


You had one spell level left.
You knew the following spells:

 Your Spells              Type           Power        Failure   Level
a - Sandblast             Erth           58%          1%          1
b - Passwall              Tmut/Erth      23%          1%          2
c - Petrify               Tmut/Erth      28%          10%         4
d - Stone Arrow           Conj/Erth      44%          1%          3
e - Conjure Flame         Conj/Fire      14%          4%          3
f - Lee's Rapid Deconstr  Erth           14%          7%          5

Your spell library contained the following spells:

 Spells                   Type           Power        Failure   Level
 Airstrike                Air            2%           30%         4
 Beastly Appendage        Tmut           56%          1%          1
 Magic Dart               Conj           64%          1%          1
 Wereblood                Tmut           28%          1%          2
 Mephitic Cloud           Conj/Pois/Air  8%           7%          3
 Spider Form              Tmut/Pois      8%           11%         3
 Blink                    Tloc           N/A          19%         2
 Call Imp                 Summ           4%           19%         2
 Slow                     Hex            4%           19%         2
 Blade Hands              Tmut           14%          28%         5
 Ice Form                 Ice/Tmut       16%          34%         4


Dungeon Overview and Level Annotations

Branches:
Dungeon (9/15)             Temple (0/1) D:5            Lair (0/6) D:8
    Orc: D:9-12

Altars:
Ashenzari
Dithmenos
Elyvilon
Fedhas
Nemelex Xobeh
Ru
Sif Muna
Vehumet
Xom
The Shining One

Shops:
D:4 (   D:7 [


Innate Abilities, Weirdness & Mutations

You are too large for most types of armour.
You have tough skin. (AC +1)
You are somewhat resistant to further mutation.


Message History

You kill the orc!
Vehumet accepts your kill.
The blast of petrified fragments hits the centaur!
The centaur is heavily wounded.
The orc warrior hits you from afar with a +0 halberd!!
* * * LOW HITPOINT WARNING * * *
Unknown command.
Casting: Lee's Rapid Deconstruction (dangerous; 7% risk of failure)
Confirm with . or Enter, or press ? or * to list all spells.
Aiming: Lee's Rapid Deconstruction (dangerous; 7% risk of failure)
Press: ? - help, Dir - move target, f/p - ogre Fragment what (e.g. wall or brittle monster)?: an ogre, wielding a +0 giant club (heavily wounded, petrified)
The ogre shatters!
The ogre is severely wounded.
The blast of petrified fragments hits the orc warrior.
The orc warrior is moderately wounded.
The blast of petrified fragments hits the centaur.
The centaur is heavily wounded.
The orc warrior hits you from afar with a +0 halberd!
You die...

..........#####..#
#...# .########.#
#.)# #...# <# #.#
#..# #...# .# #.#
#..###...# .# #.#
#.......)# .# #.#
#........# .# #.#
#........# .# #.#
#........# .# #.#
#.@......### .#
#............ .#
#.o...........
#(†......#####
#.O......#
#))c.....#
#........#
#........#
....(....#


You could see an orc warrior, an ogre (petrified) and a centaur (petrified).

Vanquished Creatures
  Erica (D:8)
  Edmund (D:6)
  A sky beast (D:6)
  3 orc warriors
  2 phantoms (D:5)
  5 ogres
  A centaur (D:9)
  2 bullfrogs
  5 scorpions
  5 killer bees (D:7)
  4 wights (D:7)
  A jelly (D:6)
  2 hounds
  2 bullfrog skeletons
  4 orc priests
  Crazy Yiuf (D:6)
  A centaur skeleton (D:7)
  Jessica (D:4)
  2 hell rats (D:8)
  6 orc wizards
  7 worker ants
  A howler monkey zombie (D:8)
  Robin (D:4)
  9 adders
  7 gnolls
  2 river rats (D:8)
  A shadow imp (D:6)
  2 white imps
  An ooze (D:3)
  An adder skeleton (D:5)
  An adder zombie (D:7)
  5 worms
  6 leopard geckos
  25 orcs
  11 giant cockroaches
  19 goblins
  10 hobgoblins
  15 jackals
  9 kobolds
  3 quokkas
  2 bats
  10 frilled lizards
  A quokka skeleton (D:4)
  10 rats
209 creatures vanquished.

Notes
Turn   | Place    | Note
-------+----------+-------------------------------------------
     0 | D:1      | sizableburger the Ogre Earth Elementalist began the quest
                  | for the Orb.
     0 | D:1      | Reached XP level 1. HP: 16/16 MP: 3/3
   170 | D:1      | Reached skill level 1 in Transmutations
   209 | D:1      | Reached XP level 2. HP: 26/26 MP: 3/5
   432 | D:1      | Reached skill level 1 in Fighting
  1099 | D:1      | Reached XP level 3. HP: 33/33 MP: 4/6
  1492 | D:2      | Found a sparkling altar of Nemelex Xobeh.
  1515 | D:2      | Reached skill level 2 in Fighting
  1753 | D:2      | Learned a level 2 spell: Passwall
  2227 | D:2      | Reached XP level 4. HP: 44/44 MP: 4/7
  2451 | D:2      | Found a shimmering altar of Xom.
  3074 | D:3      | Found a radiant altar of Vehumet.
  3074 | D:3      | Found a glowing golden altar of the Shining One.
  3074 | D:3      | Found a broken altar of Ashenzari.
  3074 | D:3      | Found a sacrificial altar of Ru.
  3097 | D:3      | Became a worshipper of Vehumet
  3134 | D:3      | Found a blossoming altar of Fedhas.
  3765 | D:4      | Reached skill level 3 in Fighting
  3792 | D:4      | Reached XP level 5. HP: 36/53 MP: 8/8
  3927 | D:4      | Found a sparkling altar of Nemelex Xobeh.
  3927 | D:4      | Noticed Jessica
  3938 | D:4      | Killed Jessica
  3939 | D:4      | Reached skill level 1 in Polearms
  4339 | D:4      | Noticed Robin
  4344 | D:4      | Killed Robin
  4346 | D:4      | Reached XP level 6. HP: 62/62 MP: 9/9
  4427 | D:4      | Learned a level 4 spell: Petrify
  4484 | D:4      | Reached * piety under Vehumet
  4484 | D:4      | Offered knowledge of Freeze by Vehumet.
  4596 | D:4      | Reached skill level 4 in Fighting
  4898 | D:4      | Found Kayclav's Weapon Emporium.
  5133 | D:4      | Found a white marble altar of Elyvilon.
  5470 | D:5      | Entered Level 5 of the Dungeon
  5501 | D:5      | Noticed a phantom
  5540 | D:5      | Killed a phantom
  5541 | D:5      | Reached XP level 7. HP: 49/71 MP: 10/10
  5650 | D:5      | Learned a level 3 spell: Stone Arrow
  5913 | D:5      | Reached skill level 5 in Fighting
  6369 | D:5      | Reached skill level 1 in Conjurations
  6446 | D:5      | Reached ** piety under Vehumet
  6531 | D:5      | Reached XP level 8. HP: 41/81 MP: 11/11
  6814 | D:5      | Offered knowledge of Searing Ray by Vehumet.
  7039 | D:5      | Found a staircase to the Ecumenical Temple.
  7936 | D:6      | Reached skill level 5 in Earth Magic
  7943 | D:6      | HP: 4/83 [orc warrior/+0 dire flail (19)]
  8613 | D:6      | Reached skill level 6 in Fighting
  8977 | D:6      | Noticed Edmund
  9153 | D:6      | Killed Edmund
  9253 | D:6      | Found a shadowy altar of Dithmenos.
  9261 | D:6      | Found a shimmering blue altar of Sif Muna.
  9488 | D:6      | Found a glowing golden altar of the Shining One.
  9630 | D:6      | Found a runed translucent door.
  9631 | D:6      | Noticed Crazy Yiuf
  9671 | D:6      | Killed Crazy Yiuf
 10005 | D:7      | Found Heyhiomu's Antique Armour Shop.
 10080 | D:7      | Reached XP level 9. HP: 54/89 MP: 7/14
 10601 | D:7      | Reached skill level 5 in Polearms
 10870 | D:7      | Gained mutation: You are somewhat resistant to further
                  | mutation. [potion of mutation]
 11409 | D:7      | Learned a level 3 spell: Conjure Flame
 11496 | D:7      | Offered knowledge of Static Discharge by Vehumet.
 11697 | D:7      | Reached skill level 5 in Transmutations
 11835 | D:7      | Reached skill level 1 in Fire Magic
 11883 | D:8      | Found a staircase to the Lair.
 11883 | D:8      | Noticed a death yak
 11883 | D:8      | Noticed a death yak
 11883 | D:8      | Noticed a death yak
 12864 | D:8      | Reached *** piety under Vehumet
 12978 | D:8      | Noticed Erica
 13019 | D:8      | Killed Erica
 13020 | D:8      | Reached skill level 7 in Fighting
 13743 | D:9      | Reached skill level 5 in Spellcasting
 13765 | D:9      | Reached XP level 10. HP: 44/102 MP: 17/17
 14037 | D:9      | Offered knowledge of Airstrike by Vehumet.
 14075 | D:9      | Learned a level 5 spell: Lee's Rapid Deconstruction
 14327 | D:9      | HP: 5/102 [orc warrior/+0 halberd (24)]
 14330 | D:9      | Mangled by an orc warrior

Illustrated notes

Levels and vault maps discovered:
D:1:      dpeg_arrival_radiant, layout_loops_corners
D:2:      layout_basic, tgw_xom, overflow_temple_1_default, minmay_lizard_pond
D:3:      layout_basic, fedhas_altar_fruit_tree,
          chequers_temple_overflow_statue_of_worship
D:4:      layout_loops_cross, general_overflow_altar, serial_shops, shop_statue,
          moated_statue, nemelex_lonely_heart_becter, uniq_robin
D:5:      layout_loops_ring, minmay_temple_entry_glass
D:6:      layout_rooms, minitemple, corexii_leaking_fountain, st_stairs_12,
          nicolae_tso_swordbearing_angel, uniq_crazy_yiuf_cottage, uniq_edmund
D:7:      layout_cave_pools, serial_shops, nicolae_shop_trees
D:8:      layout_basic, dpeg_lair_monsters, uniq_erica
D:9:      layout_long_grid

Skill      XL: |  1  2  3  4  5  6  7  8  9 10 |
---------------+-------------------------------+-----
Transmutations | 1 2 3 4 5 6 |  6.1
Earth Magic    | 3 4 5 6 |  6.3
Fighting       | 1 2 3 4 5 6 7 |  7.6
Polearms       | 1 2 3 4 6 |  6.7
Conjurations   | 1 3 |  3.0
Spellcasting   | 3 5 |  5.1
Fire Magic     | 1 |  1.8
Dodging        | |  1.7
Stealth        | |  1.4

Action                   |  1- 3 |  4- 6 |  7- 9 | 10-12 || total
-------------------------+-------+-------+-------+-------++-------
Melee: Unarmed           |    74 |    36 |       |       ||   110
       Trident           |       |   121 |   492 |    36 ||   649
 Cast: Sandblast         |    44 |    90 |    86 |       ||   220
       Petrify           |       |       |    55 |     7 ||    62
       Stone Arrow       |       |       |     4 |       ||     4
       Conjure Flame     |       |       |     3 |       ||     3
       Lee's Rapid Decon |       |       |       |     4 ||     4
Evoke: Wand              |       |       |     4 |       ||     4
  Use: Scroll            |       |       |    15 |       ||    15
       Potion            |       |       |    14 |       ||    14
 Stab: Sleeping          |       |     2 |     3 |     1 ||     6
       Petrified         |       |       |   200 |     5 ||   205
       Petrifying        |       |       |     6 |       ||     6
Armor: Robe              |    14 |    52 |   111 |     8 ||   185
       Skin              |       |       |    20 |       ||    20
Dodge: Dodged            |    43 |   118 |   226 |    27 ||   414
